 Dungeon Crawl Stone Soup version bcrawl-1.31 (webtiles) character file.

Game seed: 893618347372726244

188040 RaHiT the Sneak (level 6, 0/37 HPs)
             Began as a Skeleton Archaeologist on Apr 6, 2021.
             Was an Initiate of Gozag.
             Slain by an iguana (4 damage)
             ... on level 4 of the Dungeon.
             The game lasted 00:27:55 (3605 turns).

RaHiT the Sneak (Skeleton Archaeologist)            Turns: 3605, Time: 00:27:56

Health: 0/37       AC:  8    Str: 22      XL:     6   Next: 81%
Magic:  0/11       EV: 11    Int: 11 (14) God:    Gozag
Gold:   505        SH:  7    Dex: 10      Spells: 9/12 levels left

rFire    . . .     SeeInvis .   A - +2 whip "Usurchena" {flame, MR+ Str+4 Dex+3 Stlth+}
rCold    + . .     Gourm    .   h - +3 warlock's mirror {reflect}
rNeg     + + +     Faith    .   n - +0 ring mail
rPois    ∞         Spirit   +   d - +1 hat
rElec    .         Reflect  +   s - scarf {clouds}
rCorr    .         Harm     .   (no gloves)
MR       +....                  e - +1 pair of boots
Stlth    +++.......             (no amulet)
HPRegen  0.12/turn              (no ring)
MPRegen  0.12/turn              (no ring)

@: no status effects
A: no food or potions, cold resistance 1, deterioration 1, negative energy
resistance 3, powered by death 1, torment resistance, unbreathing, magic shield,
sturdy frame 1, spell healing
a: Potion Petition, Call Merchant, Bribe Branch, Renounce Religion, Evoke Fog


You were on level 4 of the Dungeon.
You worshipped Gozag.
Gozag was pleased with you.
You were not hungry.

You visited 2 branches of the dungeon, and saw 5 of its levels.

You collected 540 gold pieces.
You paid 35 gold pieces to Gozag.

Inventory:

Hand Weapons
 b - a +0 blowgun
 m - a +0 mace
 t - a +0 flail
 v - a +1 short sword of venom
 A - the +2 whip "Usurchena" (weapon) {flame, MR+ Str+4 Dex+3 Stlth+}
   (You found it on level 4 of the Dungeon)

   It has been specially enchanted to surge with flame as it hits, increasing
   damage dealt by approximately one third against foes not resistant or
   susceptible to fire.
   It affects your strength (+4).
   It affects your dexterity (+3).
   It affects your resistance to hostile enchantments.
   It makes you more stealthy.
Missiles
 f - 6 curare-tipped needles
 j - 378 arrows
 o - 520 sling bullets
 q - 62 javelins
 r - 735 stones (quivered)
 B - 47 poisoned needles
Armour
 c - a +1 robe
 d - a +1 hat (worn)
 e - a +1 pair of boots (worn)
 h - the +3 warlock's mirror (worn) {reflect}
   (You acquired it on level 3 of the Dungeon)
 n - a +0 ring mail (worn)
 s - a scarf of clouds (worn)
 x - a +0 helmet
Jewellery
 l - the ring "Xyckel" {MR- Int+4 Dex+2 Stlth--}
   (You found it on level 2 of the Dungeon)

   [ring of attention]

   It affects your intelligence (+4).
   It affects your dexterity (+2).
   It affects your resistance to hostile enchantments.
   It makes you much less stealthy.
Wands
 w - a wand of polymorph (12)
Scrolls
 g - 4 scrolls of magic mapping
 i - 2 scrolls of identify
 k - 3 scrolls of remove curse
 p - 3 scrolls of enchant armour
 y - a scroll of teleportation
 z - a scroll of amnesia
 C - a scroll of blinking


   Skills:
 + Level 3.0 Fighting
 - Level 2.0 Maces & Flails
 + Level 2.4 Throwing
 + Level 3.0 Armour
 - Level 3.0 Dodging
 - Level 3.6 Stealth
 + Level 2.1 Shields
 + Level 3.5 Spellcasting
 + Level 2.3 Evocations


You had 9 spell levels left.
You knew the following spells:

 Your Spells              Type           Power        Failure   Level  Hunger
a - Corona                Hex            #......      56%         1    N/A
b - Sticks to Snakes      Tmut           #.......     71%         2    N/A

Your spell library contained the following spells:

 Spells                   Type           Power        Failure   Level  Hunger
 Animate Skeleton         Necr           N/A          56%         1    N/A
 Pain                     Necr           #.....       56%         1    N/A
 Shock                    Conj/Air       #....        56%         1    N/A
 Ensorcelled Hibernation  Hex/Ice        #.....       71%         2    N/A
 Passwall                 Tmut/Erth      #.......     71%         2    N/A
 Swiftness                Chrm/Air       #.......     71%         2    N/A
 Confuse                  Hex            #.......     91%         3    N/A
 Dazzling Orbs            Conj/Hex       #......      91%         3    N/A
 Static Discharge         Air            #.......     91%         3    N/A
 Tukima's Dance           Hex            #.......     91%         3    N/A
 Vampiric Draining        Necr           #.........   91%         3    N/A
 Agony                    Necr           #.......     100%        4    N/A
 Airstrike                Air            #.........   100%        4    N/A
 Animate Dead             Necr           N/A          100%        4    N/A
 Cause Fear               Hex            #.........   100%        4    N/A
 Dispel Undead            Necr           #.......     100%        5    N/A
 Lightning Bolt           Conj/Air       #.........   100%        5    N/A
 Beastly Appendage        Tmut           Unusable     N/A         1    N/A
 Spider Form              Tmut/Pois      Unusable     N/A         3    N/A
 Ice Form                 Ice/Tmut       Unusable     N/A         4    N/A
 Blade Hands              Tmut           Unusable     N/A         5    N/A

Dungeon Overview and Level Annotations

Branches:
Dungeon (4/12)             Temple (1/1) D:4

Altars:
Ashenzari
Cheibriados
Dithmenos
Elyvilon
Fedhas
Gozag
Hepliaklqana
Kikubaaqudgha
Lugonu
Makhleb
Okawaru
Qazlal
Sif Muna
Trog
Uskayaw
Vehumet
Wu Jian
Xom
Yredelemnul
Zin
The Shining One

Annotations:
D:3 Jessica


Innate Abilities, Weirdness & Mutations

You do not eat or drink.
You are immune to poison.
Your flesh is cold resistant. (rC+)
Your body sometimes deteriorates upon taking damage.
You are immune to negative energy. (rN+++)
You regenerate a little health from kills.
You are immune to unholy pain and torment.
You can survive without breathing.
When hurt, damage is shared between your health and your magic reserves.
Your movements are slightly less encumbered by armour. (ER -2)
Casting spells heals you.


Message History

The iguana is almost dead.
The iguana bites you!
* * * LOW HITPOINT WARNING * * *
Your body deteriorates!
You feel dopey.
You hit the iguana but do no damage.
The iguana is almost dead.
The iguana closely misses you.
You hit the iguana but do no damage.
The iguana is almost dead.
The iguana barely misses you.
You barely miss the iguana.
The iguana is almost dead.
The iguana bites you!
* * * LOW HITPOINT WARNING * * *
The iguana closely misses you.
You barely miss the iguana.
The iguana is almost dead.
The iguana bites you.
You die...
Your body crumbles into a pile of gold.

#. #....#
###...#....#
.#.##.#.....##
......####...#
.....#.###..##
..>.......#.#
.....
...........##
#.>....
..##....#.#
.......
#@.#####
....... ##l#
....... #.##
.......
#...l.#
.......
####....
.......
..≈.?.. $
.......
..≈≈.###
.###.#.#..
..#≈.##
.###.#.#.. ..
#.#


You could see an iguana.

Vanquished Creatures
  A phantom (D:4)
  A bullfrog (D:4)
  A howler monkey (D:4)
  2 hounds
  A worker ant (D:4)
  Robin (D:3)
  8 gnolls
  2 adders (D:2)
  5 worms
  2 dart slugs (D:2)
  6 leopard geckos
  4 orcs (D:3)
  7 bats
  4 hobgoblins
  3 quokkas
  4 frilled lizards
  3 goblins
  9 kobolds
  8 rats
72 creatures vanquished.

Notes
Turn   | Place    | Note
-------+----------+-------------------------------------------
     0 | D:1      | RaHiT the Skeleton Archaeologist began the quest for the
                  | Orb.
     0 | D:1      | Reached XP level 1. HP: 12/12 MP: 1/1
   179 | D:1      | Reached XP level 2. HP: 16/16 MP: 3/3
   230 | D:1      | Reached skill level 1 in Spellcasting
   537 | D:1      | Reached skill level 1 in Armour
   698 | D:2      | Learned a level 1 spell: Corona
   805 | D:2      | Reached XP level 3. HP: 20/20 MP: 4/4
   907 | D:2      | Reached skill level 1 in Throwing
   907 | D:2      | Reached skill level 1 in Evocations
  1154 | D:2      | Got a scintillating granite ring
  1160 | D:1      | Identified the ring "Xyckel" {MR- Int+4 Dex+2 Stlth--} (You
                  | found it on level 2 of the Dungeon)
  1349 | D:2      | Found an opulent altar of Gozag.
  1357 | D:2      | Became a worshipper of Gozag Ym Sagoz the Greedy
  1584 | D:2      | Reached XP level 4. HP: 13/26 MP: 0/6
  2036 | D:3      | Reached XP level 5. HP: 16/30 MP: 6/8
  2036 | D:3      | Identified a scroll of acquirement
  2044 | D:3      | Found the +3 warlock's mirror {reflect}
  2206 | D:3      | Found a shimmering altar of Xom.
  2461 | D:3      | Learned a level 2 spell: Sticks to Snakes
  2475 | D:3      | Noticed Jessica
  2743 | D:3      | Noticed Robin
  2753 | D:3      | Killed Robin
  3126 | D:4      | Noticed a phantom
  3152 | D:4      | Killed a phantom
  3153 | D:4      | Reached skill level 1 in Shields
  3182 | D:4      | Gained mutation: You regenerate a little health from kills.
                  | [Skeleton growth]
  3182 | D:4      | Reached XP level 6. HP: 25/36 MP: 10/10
  3222 | D:4      | Found a staircase to the Ecumenical Temple.
  3234 | D:4      | Got an iridescent whip
  3272 | Temple   | Entered the Ecumenical Temple
  3403 | D:4      | Identified the +2 whip "Usurchena" {flame, MR+ Str+4 Dex+3
                  | Stlth+} (You found it on level 4 of the Dungeon)
  3605 | D:4      | Slain by an iguana

Skill      XL: |  1  2  3  4  5  6 |
---------------+-------------------+-----
Spellcasting   | 1 2 3 |  3.5
Armour         | 1 2 3 |  3.0
Throwing       | 1 2 |  2.4
Evocations     | 1 2 |  2.3
Fighting       | 2 3 |  3.0
Maces & Flails | 2 |  2.0
Shields        | 1 2 |  2.1
Dodging        | |  3.0
Stealth        | |  3.6

Action                   |  1- 3 |  4- 6 || total
-------------------------+-------+-------++-------
Melee: Whip              |    65 |    46 ||   111
       Mace              |   139 |   101 ||   240
       Short sword       |       |    51 ||    51
       Flail             |       |    19 ||    19
Throw: Stone             |     2 |    17 ||    19
       Javelin           |       |     9 ||     9
  Use: Scroll            |     3 |     4 ||     7
 Stab: Sleeping          |     6 |       ||     6
       Distracted        |     1 |     1 ||     2
Armor: Robe              |    19 |       ||    19
       Ring mail         |    76 |    49 ||   125
Dodge: Dodged            |   149 |    95 ||   244
Block: Buckler           |       |    46 ||    46
       Reflection        |       |     1 ||     1
